 Dungeon Crawl Stone Soup version 0.27.0-1-g7a089689b8 (webtiles) character file.

Game seed: 8508048214813692407

21010 Demosthentine the Spear-Bearer (level 12, -2/100 HPs)
             Began as a Merfolk Gladiator on Aug 1, 2021.
             Was a Believer of the Shining One.
             Slain by a death yak (8 damage)
             ... in an ice cave.
             The game lasted 00:13:12 (14352 turns).

Demosthentine the Spear-Bearer (Merfolk Gladiator) Turns: 14352, Time: 00:13:12

Health: -2/100     AC: 14    Str: 17    XL:     12   Next: 85%
Magic:  17/17      EV: 22    Int:  5    God:    the Shining One [**....]
Gold:   427        SH:  7    Dex: 22    Spells: 11/11 levels left

rFire    . . .     SeeInvis +   a - +1 trident (elec)
rCold    + + .     Faith    .   u - +1 buckler {reflect}
rNeg     + + +     Spirit   .   e - +0 leather armour of Suxoteb {rN+ rCorr Int-4 Slay+3}
rPois    +         Reflect  +   c - +1 helmet
rElec    .         Harm     .   D - +2 cloak of the Thief {*Fog Slay-2 SInv Stlth+}
rCorr    +         Rampage  .   h - +0 pair of gloves
Will     +....                  m - +3 pair of boots "Kaenk" {rC+ Dex+4}
Stlth    +.........             (no amulet)
HPRegen  0.26/turn              l - ring "Tooqyar" {rC+ rN+ Will+ Int+2}
MPRegen  0.15/turn              t - ring of poison resistance

@: frozen, attractive, glowing, very slow
A: (nimble swimmer 2), mertail
a: Renounce Religion, Divine Shield


You were in an ice cave.
You worshipped the Shining One.
The Shining One was pleased with you.
You visited 2 branches of the dungeon, and saw 12 of its levels.
You also visited: Ice Cave.

You collected 644 gold pieces.
You spent 217 gold pieces at shops.

Inventory:

Hand Weapons
 a - a +1 trident of electrocution (weapon)
 w - a +3 trident
Missiles
 d - 3 throwing nets (quivered)
Armour
 c - a +1 helmet (worn)
 e - the +0 leather armour of Suxoteb (worn) {rN+ rCorr Int-4 Slay+3}
   (You bought it in a shop on level 7 of the Dungeon)

   Int:       It affects your intelligence (-4).
   Slay:      It affects your accuracy & damage with ranged weapons and melee
   (+3).
   rN:        It protects you from negative energy.
   rCorr:     It protects you from acid and corrosion.
 h - a +0 pair of gloves (worn)
 m - the +3 pair of boots "Kaenk" (worn) {rC+ Dex+4}
   (You acquired it on level 5 of the Dungeon)

   Dex:       It affects your dexterity (+4).
   rC:        It protects you from cold.
 u - a +1 buckler of reflection (worn)
 D - the +2 cloak of the Thief (worn) {*Fog Slay-2 SInv Stlth+}
   (You found it on level 10 of the Dungeon)

   It may release a thick cloud of smoke when the wearer is hurt.
   Slay:      It affects your accuracy & damage with ranged weapons and melee
   (-2).
   SInv:      It lets you see invisible.
   Stlth:     It makes you more stealthy.
Jewellery
 l - the ring "Tooqyar" (left hand) {rC+ rN+ Will+ Int+2}
   (You acquired it on level 3 of the Dungeon)

   [ring of willpower]

   Int:       It affects your intelligence (+2).
   rC:        It protects you from cold.
   rN:        It protects you from negative energy.
   Will:      It increases your willpower.
 o - a +6 ring of dexterity
 t - a ring of poison resistance (right hand)
Wands
 b - a wand of iceblast (5)
 s - a wand of flame (40)
 y - a wand of acid (4)
 A - a wand of polymorph (23)
 C - a wand of digging (4)
Scrolls
 r - a scroll of teleportation
 z - a scroll of enchant armour
 F - a scroll of enchant weapon
Potions
 f - 3 potions of resistance
 g - a potion of cancellation
 i - 2 potions of flight
 j - a potion of haste
 k - a potion of brilliance
 n - 5 potions of curing
 p - a potion of mutation
 q - 2 potions of invisibility
 v - 3 potions of lignification


   Skills:
 + Level 11.4 Fighting
 + Level 14.6 Polearms
 - Level 2.0 Throwing
 - Level 5.8 Armour
 + Level 13.5 Dodging
 - Level 4.0 Shields
 + Level 7.4 Invocations


You had 11 spell levels left.
You didn't know any spells.
Your spell library contained the following spells:

 Spells                   Type           Power      Damage    Failure   Level
 Corona                   Hex            0%         N/A       54%         1
 Ensorcelled Hibernation  Hex/Ice        0%         N/A       67%         2
 Sublimation of Blood     Necr           0%         N/A       67%         2
 Wereblood                Tmut           0%         N/A       67%         2
 Tukima's Dance           Hex            0%         N/A       88%         3
 Summon Hydra             Summ           0%         N/A       100%        7


Dungeon Overview and Level Annotations

Branches:
Dungeon (11/15)            Temple (1/1) D:7            Lair (0/6) D:9
  IceCv (1/1)
    Orc: D:9-12

Altars:
Ashenzari
Cheibriados
Dithmenos
Elyvilon
Fedhas
Gozag
Hepliaklqana
Kikubaaqudgha
Makhleb
Nemelex Xobeh
Okawaru
Qazlal
Ru
Sif Muna
Trog
Uskayaw
Vehumet
Wu Jian
Xom
Yredelemnul
Zin
The Shining One

Shops:
D:7 [   D:10 =

Portals:
Trove: D:11 (give 2 scrolls of acquirement)


Innate Abilities, Weirdness & Mutations

((You are quick and stealthy near water. (Stealth+, EV+, Speed+++)))
Your lower body shifts to a powerful aquatic tail in water.


Message History

The death yak is moderately wounded.
The death yak gores you!!
* * * LOW HITPOINT WARNING * * *
You hit the death yak but do no damage.
The death yak is moderately wounded.
You hit the death yak but do no damage.
Lightning courses through the death yak!
The death yak is heavily wounded.
The death yak gores you but does no damage.
Okay, then.
Unknown command.
Unknown command.
Unknown command.
The ironbound frostheart is pulled toward you!
You see here a death yak corpse.
Unknown command.
Unknown command.
The ironbound frostheart calls freezing cold from the walls.
The frost grips you! You partially resist.
* * * LOW HITPOINT WARNING * * *
You are encased in ice.
The ironbound frostheart is pulled toward you!
Unknown command.
Okay, then.
Unknown command.
Unknown command.
Unknown command.
You hit the death yak.
Lightning courses through the death yak!
The death yak is heavily wounded.
You hit the death yak but do no damage.
Lightning courses through the death yak!
The death yak is severely wounded.
The death yak snorts and paws the ground.
The death yak gores you but does no damage.
The ironbound frostheart is pulled toward you!
You hit the death yak.
The death yak is severely wounded.
The death yak gores you!
You die...

## ## ###○#.§# }#
####.☼☼☼§.## $.
#.#...°°☼§.. ###Y
#####..##☼○..☼...
##..h ###....###
###..... #.h.p
##p@.#....### ##..
#.ph###§Y####.....##
#.
#Y.p##§.#####.....###
###.Y##p..######....##
#.p###§§⌠..# ##....##
###§#§#§§§## ###.††##
##§###### #########..#
### ###....##...##
###...#....####


You could see a death yak and 2 ironbound frosthearts.

Vanquished Creatures
  Fannar (D:10)
  A boulder beetle (D:11)
  A vault guard (D:11)
  2 two-headed ogres
  4 death yaks (IceCv)
  A manticore (D:10)
  A cyclops (D:8)
  An ice statue (IceCv)
  2 gargoyles
  A rust devil (D:10)
  2 komodo dragons
  2 ice devils (D:11)
  7 polar bears (IceCv)
  A snapping turtle (shapeshifter) (D:10)
  A meliai zombie (D:10)
  A wraith (D:10)
  28 yaks
  2 vampires
  Eustachio (D:4)
  A wyvern (D:4)
  2 steam dragons (D:5)
  3 water moccasins
  4 black bears
  4 orc warriors
  An ice beast (D:6)
  A sky beast (D:6)
  14 wolves (IceCv)
  An ogre (D:7)
  2 centaurs
  A kobold brigand (D:10)
  2 bullfrogs
  3 scorpions
  2 gnoll sergeants
  A wyvern zombie (D:7)
  A water moccasin zombie (D:5)
  A wyvern skeleton (D:7)
  4 killer bees (D:10)
  9 wights
  4 howler monkeys
  An electric eel (D:10)
  A gnoll shaman (D:6)
  A bullfrog zombie (D:5)
  2 centaur zombies
  4 jellies
  6 orc priests
  4 hounds
  5 iguanas
  14 orc wizards
  A hound skeleton (D:5)
  2 howler monkey zombies
  9 gnolls
  5 adders
  A white imp (D:7)
  A worm (D:2)
  4 dart slugs
  32 orcs
  7 ball pythons
  7 endoplasms
  5 giant cockroaches
  10 goblins
  5 hobgoblins
  4 quokkas
  8 bats
  A frilled lizard (D:2)
  5 kobolds
  7 rats
273 creatures vanquished.

Vanquished Creatures (others)
  5 dream sheep (D:10)
  A yak (IceCv)
  3 wolves (IceCv)
  34 fungi
  48 plants
91 creatures vanquished.

Grand Total: 364 creatures vanquished

Notes
Turn   | Place    | Note
-------+----------+-------------------------------------------
     0 | D:1      | Demosthentine the Merfolk Gladiator began the quest for the
                  | Orb.
     0 | D:1      | Reached XP level 1. HP: 16/16 MP: 1/1
   336 | D:1      | Reached XP level 2. HP: 21/23 MP: 2/2
  1468 | D:2      | Reached XP level 3. HP: 28/28 MP: 3/3
  1943 | D:1      | Reached skill level 5 in Polearms
  2154 | D:1      | Reached skill level 1 in Armour
  2398 | D:2      | Reached XP level 4. HP: 20/35 MP: 4/4
  3026 | D:2      | Reached skill level 5 in Dodging
  3377 | D:3      | Reached XP level 5. HP: 41/41 MP: 5/5
  3504 | D:3      | Found a faded altar of an unknown god.
  4254 | D:3      | Identified a scroll of acquirement
  4254 | D:3      | Acquired the ring "Tooqyar" {rC+ rN+ Will+ Int+2}
  4478 | D:4      | Reached skill level 6 in Polearms
  4478 | D:4      | Reached XP level 6. HP: 25/48 MP: 6/6
  5313 | D:4      | Noticed Eustachio
  5329 | D:4      | Killed Eustachio
  5330 | D:4      | Reached XP level 7. HP: 50/55 MP: 7/7
  5408 | D:4      | Noticed a wyvern
  5414 | D:4      | Killed a wyvern
  5415 | D:4      | Reached skill level 7 in Polearms
  5792 | D:5      | Entered Level 5 of the Dungeon
  5881 | D:5      | Reached skill level 5 in Fighting
  5965 | D:5      | Reached XP level 8. HP: 62/62 MP: 8/8
  6004 | D:5      | Found a broken altar of Ashenzari.
  6260 | D:5      | Reached skill level 8 in Polearms
  6718 | D:5      | Acquired the +3 pair of boots "Kaenk" {rC+ Dex+4}
  7173 | D:6      | Noticed a troll
  7264 | D:6      | Noticed a shadow
  7280 | D:6      | Reached skill level 9 in Polearms
  7280 | D:6      | Reached XP level 9. HP: 71/71 MP: 9/9
  7767 | D:7      | Found Samosm's Antique Armour Boutique.
  7773 | D:7      | Bought an ichor-stained leather armour for 217 gold pieces
  7773 | D:7      | Identified the +0 leather armour of Suxoteb {rN+ rCorr
                  | Int-4 Slay+3} (You bought it in a shop on level 7 of the
                  | Dungeon)
  8090 | D:7      | Found a staircase to the Ecumenical Temple.
  8118 | Temple   | Entered the Ecumenical Temple
  8295 | Temple   | Became a worshipper of Elyvilon the Healer
  8400 | D:7      | Reached skill level 1 in Shields
  9486 | D:7      | Reached * piety under Elyvilon
  9665 | D:8      | Reached skill level 10 in Polearms
  9802 | D:8      | Noticed a cyclops
  9809 | D:8      | Killed a cyclops
  9892 | D:8      | Reached XP level 10. HP: 72/79 MP: 10/10
  9907 | D:8      | Reached skill level 5 in Armour
 10101 | D:7      | Reached skill level 10 in Dodging
 10336 | D:8      | Reached ** piety under Elyvilon
 10578 | D:9      | Reached skill level 11 in Polearms
 10672 | D:9      | Found a staircase to the Lair.
 10729 | D:9      | Found a basalt altar of Yredelemnul.
 11326 | D:10     | Entered Level 10 of the Dungeon
 11334 | D:10     | Found Pyheseyp's Jewellery Shop.
 11496 | D:10     | Found a glowing golden altar of the Shining One.
 11519 | D:10     | Found an opulent altar of Gozag.
 11536 | D:10     | Reached skill level 1 in Invocations
 11536 | D:10     | Reached XP level 11. HP: 83/89 MP: 11/11
 11566 | D:10     | Found the +2 cloak of the Thief {*Fog Slay-2 SInv Stlth+}
 11629 | D:10     | Fell from the grace of Elyvilon
 11629 | D:10     | Became a worshipper of the Shining One
 11629 | D:10     | Reached * piety under the Shining One
 11661 | D:10     | Noticed a manticore
 11695 | D:10     | Reached skill level 12 in Polearms
 11726 | D:10     | Killed a manticore
 11794 | D:10     | Noticed a yaktaur captain
 11894 | D:10     | Noticed a two-headed ogre
 12111 | D:10     | Killed a two-headed ogre
 12274 | D:10     | Found a shimmering altar of Xom.
 12976 | D:10     | Found a burning altar of Makhleb.
 13042 | D:10     | Noticed Fannar
 13052 | D:10     | Killed Fannar
 13168 | D:11     | Noticed a boulder beetle
 13185 | D:11     | Killed a boulder beetle
 13186 | D:11     | Reached skill level 10 in Fighting
 13248 | D:11     | Noticed a vault guard
 13256 | D:11     | Killed a vault guard
 13257 | D:11     | Reached skill level 13 in Polearms
 13260 | D:11     | Found a portal to a secret trove of treasure.
 13280 | D:11     | Reached ** piety under the Shining One
 13282 | D:11     | Noticed a two-headed ogre
 13302 | D:11     | Reached skill level 5 in Invocations
 13314 | D:11     | Killed a two-headed ogre
 13315 | D:11     | Reached XP level 12. HP: 75/98 MP: 15/15
 13379 | D:11     | Found a frozen archway.
 13403 | IceCv    | Entered an ice cave
 13778 | IceCv    | Reached skill level 14 in Polearms
 14064 | IceCv    | Noticed a death yak
 14101 | IceCv    | Killed a death yak
 14174 | IceCv    | Noticed a death yak
 14174 | IceCv    | Noticed a death yak
 14180 | IceCv    | Killed a death yak
 14180 | IceCv    | Noticed a death yak
 14186 | IceCv    | Killed a death yak
 14200 | IceCv    | Killed a death yak
 14328 | IceCv    | Noticed a death yak
 14328 | IceCv    | Noticed an ironbound frostheart
 14328 | IceCv    | Noticed an ironbound frostheart
 14328 | IceCv    | Noticed a death yak
 14328 | IceCv    | Noticed a death yak
 14328 | IceCv    | Noticed a death yak
 14352 | IceCv    | Slain by a death yak

Illustrated notes

Levels and vault maps discovered:
D:1:      dpeg_arrival_oval, layout_loops_ring, serial_aquarium,
          aquarium_bridge_straight [aquarium_subvault_bridge,
          aquarium_subvault_window, aquarium_subvault_bridge,
          aquarium_subvault_balcony], aquarium_bridge_square
          [aquarium_subvault_wall, aquarium_subvault_window,
          aquarium_subvault_balcony, aquarium_subvault_bridge],
          aquarium_window_corridor_1, aquarium_window_2, aquarium_view_2b,
          aquarium_balcony_5b
D:2:      layout_loops_ring
D:3:      layout_basic, shapermc_ecumenical_altar_gd, roderic_lattice_a,
          kennysheep_generic_room_7
D:4:      layout_basic, uniq_eustachio
D:5:      kennysheep_steamy, layout_rooms, mainiacjoe_overflow_tiny_flanked
D:6:      minmay_clustersquares, layout_basic
D:7:      layout_layer_cave, minmay_temple_entry_ruins, serial_shops,
          shop_fountains, kennysheep_minor_cross
D:8:      layout_gridville, minmay_statues_item
D:9:      layout_loops_ring, mainiacjoe_overflow_small_starburst,
          due_lair_maze_entry_diamond
D:10:     nzn_winding_woodlands_small [nzn_winding_woodlands_5x15_pool,
          nzn_winding_woodlands_center_garden,
          nzn_winding_woodlands_5x15_sidewinder], layout_basic,
          nicolae_overflow_crystal_walls, kb_xom_exploding_sheep,
          old_standard_altar, demons_altar, serial_shops, shop,
          serial_bayou_pond_c, uniq_fannar
D:11:     layout_basic, orc_0_dummy, enter_trove_5,
          portal_ice_cave_demonic_guard
Temple:   eino_temple_rhombus
IceCv:    ice_cave_caverns_01

Skill      XL: |  1  2  3  4  5  6  7  8  9 10 11 12 |
---------------+-------------------------------------+-----
Polearms       | 5 6 7 9 10 11 13 14 | 14.6
Armour         | 1 2 3 4 5 |  5.8
Fighting       | 3 4 5 6 7 9 10 11 | 11.4
Dodging        | 5 6 7 8 9 11 12 13 | 13.5
Shields        | 3 4 |  4.0
Invocations    | 1 5 7 |  7.4
Throwing       | |  2.0

Action                   |  1- 3 |  4- 6 |  7- 9 | 10-12 || total
-------------------------+-------+-------+-------+-------++-------
Melee: Trident           |    78 |   194 |   273 |   601 ||  1146
       Tailslap          |       |       |     1 |     5 ||     6
Throw: Throwing net      |     1 |       |       |     3 ||     4
  Use: Scroll            |     2 |     7 |     8 |     4 ||    21
       Potion            |       |       |     2 |     3 ||     5
 Stab: Sleeping          |     3 |     3 |     5 |       ||    11
       Distracted        |       |     1 |       |       ||     1
Armor: Leather armour    |     9 |    34 |    54 |    70 ||   167
       Steam dragon scal |       |       |    20 |       ||    20
Dodge: Dodged            |    43 |    85 |   184 |   289 ||   601
Block: Buckler           |       |       |       |    92 ||    92
       Reflection        |       |       |       |     3 ||     3
